 Dungeon Crawl Stone Soup version 0.26.1-11-gd32895ea62 (webtiles) character file.

Game seed: 13203944516384469187

32 jlumianski the Caller (level 3, -3/14 HPs)
             Began as a Felid Summoner on June 2, 2021.
             Killed from afar by an orc wizard (9 damage)
             ... with a puff of frost
             ... on level 2 of the Dungeon.
             The game lasted 00:08:01 (2188 turns).

jlumianski the Caller (Felid Summoner)              Turns: 2188, Time: 00:08:02

Health: -3/14      AC:  1    Str:  4    XL:     3   Next: 8%
Magic:  3/7        EV: 18    Int: 17    God:
Gold:   48         SH:  0    Dex: 16    Spells: 4/7 levels left
                                        Lives:  0   Deaths: 0

rFire    . . .     SeeInvis +   (weapon unavailable)
rCold    . . .     Faith    .   (shield unavailable)
rNeg     . . .     Spirit   .   (armour unavailable)
rPois    .         Reflect  .   (helmet unavailable)
rElec    .         Harm     .   (cloak unavailable)
rCorr    .         Rampage  .   (gloves unavailable)
Will     .....                  (boots unavailable)
Stlth    +++.......             (no amulet)
HPRegen  0.04/turn              (no ring)
MPRegen  0.10/turn              (no ring)

@: quick
A: very small, no armour, no weapons or thrown items, stealth, claws 1, fangs 3,
see invisible, speed 1, shaggy fur 1, sharp paws
a: no special abilities


You were on level 2 of the Dungeon.
You visited 1 branch of the dungeon, and saw 2 of its levels.

You collected 48 gold pieces.

Inventory:

Jewellery
 c - an uncursed ring of ice
 d - a cursed ring of attention
Scrolls
 f - a scroll of identify
 g - a scroll of remove curse {unknown}
 h - a scroll of teleportation {unknown}
Potions
 a - a potion of attraction {unknown}
 b - a potion of resistance
 e - a potion of haste {unknown}


   Skills:
 + Level 2.8 Dodging
 + Level 2.8 Stealth
 + Level 0.1 Unarmed Combat
 + Level 2.6 Spellcasting
 + Level 4.5 Summonings


You had 4 spell levels left.
You knew the following spells:

 Your Spells              Type           Power        Failure   Level
a - Summon Small Mammal   Summ           68%          2%          1
b - Call Imp              Summ           17%          4%          2

Your spell library contained the following spells:

 Spells                   Type           Power        Failure   Level
 Call Canine Familiar     Summ           17%          9%          3
 Summon Guardian Golem    Hex/Summ       9%           22%         3
 Summon Ice Beast         Ice/Summ       9%           56%         4
 Summon Lightning Spire   Summ/Air       9%           56%         4


Dungeon Overview and Level Annotations

Branches:
Dungeon (2/15)

Altars:


Innate Abilities, Weirdness & Mutations

You cannot wear armour.
You are incapable of wielding weapons or throwing items.
Your paws allow you to move quietly. (Stealth)
You have sharp claws.
You have razor-sharp teeth.
You have supernaturally acute eyesight. (SInv)
You cover ground quickly.
You are covered in fur. (AC +1)
Your sharp claws are effective at attacking unaware monsters.


Message History

The puff of frost hits you!
Ouch! That really hurt!
Your rat misses the orc wizard.
Your bat hits the orc wizard but does no damage.
The orc wizard barely misses your bat.
Your rat completely misses the orc wizard.
Your crimson imp disappears in a puff of smoke!
Your bat closely misses the orc wizard.
The orc wizard hits your rat with a +0 dagger.
Your rat dies!
Your rat's corpse disappears in a puff of smoke!
Your rat bites the orc wizard but does no damage.
Your bat misses the orc wizard. The orc wizard misses your quokka.
Your quokka barely misses the orc wizard.
Your rat closely misses the orc wizard.
Your quokka disappears in a puff of smoke!
The orc wizard gestures at you while chanting.
The puff of frost hits you!
Ouch! That really hurt!
You die...

....# #.$# ##.#.#.#.#
#.# ... .?......# #.#
#.# # #. #.##.# #.# #.#
.#
#.##b.#.#####.###.###.##
#r#.##
#.#!......@........#
.........b.#.......#
........r§.#...>...#
##.##.##..o.#.......#
#.##.##.#..#.......# #..
#.#o.#.......# #.# #.
#....#.......# #.# #.
..........######.# #.
..###..†[...##.# #.


You could see an orc priest, an orc wizard, a friendly bat (summoned) and a
friendly rat (summoned).

Vanquished Creatures
  2 kobolds (D:1)
  2 rats (D:1)
4 creatures vanquished.

Vanquished Creatures (collateral kills)
  An ooze (D:1)
  2 dart slugs (D:1)
  A leopard gecko (D:1)
  An orc (D:2)
  A bat (D:1)
  4 giant cockroaches
  5 hobgoblins (D:1)
  5 jackals (D:1)
  2 frilled lizards (D:1)
  4 goblins (D:1)
  3 kobolds (D:1)
  3 rats
32 creatures vanquished.

Grand Total: 36 creatures vanquished

Notes
Turn   | Place    | Note
-------+----------+-------------------------------------------
     0 | D:1      | jlumianski the Felid Summoner began the quest for the Orb.
     0 | D:1      | Reached XP level 1. HP: 7/7 MP: 4/4
   532 | D:1      | Reached XP level 2. HP: 11/11 MP: 6/6
   535 | D:1      | Learned a level 2 spell: Call Imp
  1852 | D:2      | Reached XP level 3. HP: 14/14 MP: 0/7
  2188 | D:2      | Killed from afar by an orc wizard

Illustrated notes

Levels and vault maps discovered:
D:1:      evilmike_arrival_rings, layout_basic, st_stairs_6
D:2:      layout_loops_ring, trog_butcher_becter

Action                   || total
-------------------------++-------
Melee: Unarmed           ||     9
 Cast: Summon Small Mamm ||    80
       Call Imp          ||    13
  Use: Scroll            ||     3
       Potion            ||     1
 Stab: Sleeping          ||     3
Armor: Skin              ||     1
Dodge: Dodged            ||    23
